 Seeded DCSS version 0.31-a0-360-gb3e1d13bf4 (webtiles) character file.

Game seed: 13532415758814214178 (custom seed)

108 innerfire43 the Trooper (level 4, -4/35 HPs)
             Began as a Demonspawn Monk on July 26, 2023.
             Killed from afar by an electric eel (5 damage)
             ... with a bolt of electricity
             ... on level 3 of the Dungeon.
             The game lasted 00:04:19 (2043 turns).

innerfire43 the Trooper (Demonspawn Monk)           Turns: 2043, Time: 00:04:20

Health: -4/35      AC:  2    Str: 13    XL:     4   Next: 58%
Magic:  4/4        EV: 13    Int: 12    God:
Gold:   182        SH:  4    Dex: 15    Spells: 3/3 levels left

rFire   + + .        p - +5 trident "Spiderbane" {protect, rF+}
rCold   + . .        d - orb {light}
rNeg    . . .        b - +0 robe
rPois   +            (helmet currently unavailable)
rElec   +            (cloak currently unavailable)
rCorr   +            (gloves currently unavailable)
SInv    .            (boots currently unavailable)
Will    .....        (no amulet)
Stlth   +            (no ring)
HPRegen 0.25/turn    (no ring)
MPRegen 0.09/turn

%: no passive effects
@: beast-form, resistant, glowing, very slow
A: beast (slay +1), hooves 1, large bone plates 1, foul stench 1
a: Begin Untransformation


You were on level 3 of the Dungeon.
You were a hulking beast.
You visited 1 branch of the dungeon, and saw 3 of its levels.

You collected 369 gold pieces.
You spent 187 gold pieces at shops.

Inventory:

Hand Weapons
 p - the +5 trident "Spiderbane" (weapon) {protect, rF+}
   (You bought it in a shop on level 3 of the Dungeon)

   rF:        It protects you from fire.
Armour
 b - a +0 robe (worn)
 d - an orb of light (worn)
Jewellery
 r - a ring of wizardry
Talismans
 j - a beast talisman
Wands
 e - a wand of flame (27)
Scrolls
 g - a scroll of identify {unknown}
 l - a scroll of poison {unknown}
 m - a scroll of fog {unknown}
 o - a scroll of enchant armour {unknown}
Potions
 a - a potion of invisibility {unknown}
 c - a potion of ambrosia
 h - a potion of curing {unknown}
 i - a potion of enlightenment {unknown}
 k - a potion of might {unknown}
 n - a potion of mutation {unknown}
 q - a potion of brilliance {unknown}


   Skills:
 - Level 3.0 Fighting
 - Level 3.0 Polearms
 - Level 3.0 Dodging
 * Level 2.8 Shapeshifting


You had 3 spell levels left.
You didn't know any spells.
Your spell library contained the following spells:

 Spells                   Type           Power      Damage    Failure   Level
 Scorch                   Fire           0%         2d5       45%         2
 Flame Wave               Conj/Fire      0%         2d4       97%         4
 Summon Cactus Giant      Summ           0%         N/A       100%        6


Dungeon Overview and Level Annotations

Branches:
Dungeon (3/15)

Altars:

Shops:
D:3 (

Annotations:
D:3 1 transporter


Innate Abilities, Weirdness & Mutations

You are a hulking beast.
Your limbs bulge with bestial killing power. (Slay +1)
You have large cloven feet.
You are partially covered in large bone plates. (SH +4)
You may rarely emit foul miasma when damaged in melee.


Message History

The electric eel is engulfed in a cloud of scalding steam.
The electric eel shoots out a bolt of lightning at you!
The bolt of electricity hits you. You resist. The bolt of electricity hits you.
You resist.
The bolt of electricity hits the plant!
The plant begins to die.
Aiming: Throw Flame
Press: ? - help, Shift-Dir - straight line, f/p - electric eel
Aim: an electric eel (steam, almost dead, haloed, 66% to hit)
The puff of flame hits the electric eel.
You kill the electric eel!
The electric eel shoots out a bolt of lightning at you!
The bolt of electricity hits you. You resist. The bolt of electricity hits you.
You resist.
The electric eel shoots out a bolt of lightning at you!
The bolt of electricity hits you. You resist. The bolt of electricity hits you.
You resist.
The bolt of electricity hits the plant!
Aiming: Throw Flame
Press: ? - help, Shift-Dir - straight line, f - electric eel
Aim: an electric eel (haloed, 66% to hit)
The puff of flame hits the electric eel.
The electric eel is lightly wounded.
The electric eel is engulfed in a cloud of scalding steam.
The electric eel shoots out a bolt of lightning at you!
The bolt of electricity hits you. You resist.
* * * LOW HITPOINT WARNING * * *
The bolt of electricity hits you. You resist.
* * * LOW HITPOINT WARNING * * *
The bolt of electricity hits the plant!
A nearby plant withers and dies.
The electric eel shoots out a bolt of lightning at you!
The bolt of electricity hits you. You resist.
* * * LOW HITPOINT WARNING * * *
The bolt of electricity hits you. You resist.
* * * LOW HITPOINT WARNING * * *
The electric eel is engulfed in a cloud of scalding steam.
You enter the shallow water.
Moving in this stuff is going to be slow.
A nearby plant withers and dies.
The electric eel shoots out a bolt of lightning at you!
The bolt of electricity hits you. You resist.
You die...

.#.# #.# #.#.###.# #.# ...# ##'##
#.#...#.# #.# .### ##...##
#.###.#.# #.# ..## ##...).##
#.###.#.# #.## ...###.......##
#..##.#.# #.##
....#.........####.......#####...
.................................
....###############..#.#######..<
....#8P#~~~~~~~#h8#.##.# ##..
....#(.#.......#..#..#.# ###
...©#©$+...⌠...'.©#©...# #
##..#.:#......◎#..#..#.# #
###.#8P#~~~~~SS#~8#.##.# # #
#.###############.##.# # #
#...........(.....##.# # #
######...###########.# #
#######.....###...# #.# #


You could see 2 electric eels.

Vanquished Creatures
  An electric eel (D:3)
  An adder (D:3)
  2 worms (D:3)
  2 dart slugs
  4 ball pythons
  4 endoplasms
  2 giant cockroaches (D:1)
  5 goblins
  3 hobgoblins
  7 kobolds
  2 quokkas (D:3)
  9 bats
  3 frilled lizards
  3 rats
48 creatures vanquished.

Notes
Turn   | Place    | Note
-------+----------+-------------------------------------------
     0 | D:1      | innerfire43 the Demonspawn Monk began the quest for the
                  | Orb.
     0 | D:1      | Reached XP level 1. HP: 18/18 MP: 1/1
   137 | D:1      | Gained mutation: You are partially covered in large bone
                  | plates. (SH +4) [demonic ancestry]
   137 | D:1      | Reached XP level 2. HP: 24/24 MP: 2/2
   259 | D:1      | Reached skill level 1 in Shapeshifting
   579 | D:2      | Gained mutation: You have large cloven feet. [demonic
                  | ancestry]
   579 | D:2      | Reached XP level 3. HP: 29/29 MP: 3/3
  1345 | D:3      | Found a transporter.
  1350 | D:3      | Found a transporter.
  1404 | D:3      | Found Heteeque's Antique Weapon Boutique.
  1412 | D:3      | Bought a pitted trident for 187 gold pieces
  1412 | D:3      | Identified the +5 trident "Spiderbane" {protect, rF+} (You
                  | bought it in a shop on level 3 of the Dungeon)
  1878 | D:3      | Gained mutation: You may rarely emit foul miasma when
                  | damaged in melee. [demonic ancestry]
  1878 | D:3      | Reached XP level 4. HP: 35/35 MP: 4/4
  2042 | D:3      | HP: 1/35 [electric eel/bolt of electricity (1)]
  2043 | D:3      | Killed from afar by an electric eel

Illustrated notes

Levels and vault maps discovered:
D:1:      scummos_arrival_simple_crosswalls, layout_rooms
D:2:      layout_basic
D:3:      gammafunk_steamed_eel, layout_loops_corners, serial_shops, shop,
          minmay_gold_behind_fungi, dk_noncrumbling_3

Skill      XL: |  1  2  3 |
---------------+----------+-----
Shapeshifting  | 1 2 |  2.8
Dodging        | 3 |  3.0
Polearms       | 3 |  3.0
Fighting       | |  3.0

Action                     |  1- 3 |  4- 6 || total
---------------------------+-------+-------++-------
  Melee: Spear             |    80 |       ||    80
         Trident           |    15 |     6 ||    21
         Kick              |    10 |     3 ||    13
  Evoke: Wand              |       |     3 ||     3
    Use: Potion            |       |     2 ||     2
   Stab: Sleeping          |     1 |       ||     1
 Armour: Robe              |     6 |       ||     6
  Dodge: Dodged            |    28 |     1 ||    29
  Block: Orb               |     4 |       ||     4
   Form: Beast             |     1 |       ||     1

Table legend: (Time is in decaauts)
 A = Elapsed time spent in this place.
 B = Non-inter-level travel time spent in this place.
 C = Inter-level travel time spent in this place.
 D = Time resting spent in this place.
 E = Time spent auto-exploring this place.
 F = Levels seen in this place.
 G = Mean time per level.
                   A        B        C        D        E       F      G
               +--------+--------+--------+--------+--------+-----+--------+
         Total |   2042 |   1954 |     88 |      0 |   1622 |   3 |  680.7 |
       Dungeon |   2042 |   1954 |     88 |      0 |   1622 |   3 |  680.7 |
               +--------+--------+--------+--------+--------+-----+--------+

Top non-repeatable levels by time:
     D:3: 944 daAuts
     D:2: 655 daAuts
     D:1: 442 daAuts
